 Dungeon Crawl Stone Soup version 0.30-a0-457-g4b7bca3bfa (webtiles) character file.

Game seed: 13470227894930047127

217 bjtr the Firebug (level 5, -7/28 HPs)
             Began as a Gargoyle Fire Elementalist on Dec 14, 2022.
             Killed by divine providence
             ... invoked by an orc priest
              (16 damage)
             ... on level 4 of the Dungeon.
             The game lasted 00:16:32 (4927 turns).

bjtr the Firebug (Gargoyle Fire Elementalist)       Turns: 4927, Time: 00:16:33

Health: -7/28      AC:  6    Str: 12    XL:     5   Next: 94%
Magic:  8/8        EV: 12    Int: 17    God:
Gold:   186        SH:  0    Dex: 10    Spells: 3/9 levels left

rFire   . . .      SeeInvis .    p - +0 falchion
rCold   . . .      Faith    .    (no shield)
rNeg    + . .      Spirit   .    a - +0 robe
rPois   ∞          Reflect  .    (no helmet)
rElec   +          Harm     .    (no cloak)
rCorr   .          Rampage  .    (no gloves)
Will    .....                    (no boots)
Stlth   ++........               (no amulet)
HPRegen 0.24/turn                (no ring)
MPRegen 0.11/turn                (no ring)

@: no status effects
A: sickness immunity, AC +4, negative energy resistance 1, electricity
resistance, torment resistance 1, petrification resistance
a: no special abilities


You were on level 4 of the Dungeon.
You visited 1 branch of the dungeon, and saw 4 of its levels.

You collected 186 gold pieces.

Inventory:

Hand Weapons
 c - a +0 dagger
 h - a +0 short sword
 n - a +0 flail
 o - a +0 halberd
 p - a +0 falchion (weapon)
 q - a +0 rapier
 s - a +0 quarterstaff
Missiles
 g - 24 stones
Armour
 a - a +0 robe (worn)
 i - a +0 ring mail
Scrolls
 e - 3 scrolls of teleportation {unknown}
 f - a scroll of fear {unknown}
 j - 2 scrolls of identify {unknown}
 k - a scroll of enchant weapon {unknown}
 l - 2 scrolls of blinking {unknown}
 m - a scroll of amnesia {unknown}
 r - 2 scrolls of vulnerability {unknown}
Potions
 b - a potion of magic
 d - a potion of curing


   Skills:
 + Level 0.1 Fighting
 * Level 2.8 Armour
 + Level 1.7 Dodging
 + Level 2.3 Stealth
 + Level 2.6 Spellcasting
 - Level 1.1 Conjurations
 * Level 5.2 Fire Magic


You had 3 spell levels left.
You knew the following spells:

 Your Spells              Type           Power      Damage    Failure   Level
a - Foxfire               Conj/Fire      52%        2x1d6     4%          1
b - Scorch                Fire           40%        2d7       3%          2
c - Inner Flame           Hex/Fire       11%        N/A       19%         3

Your spell library contained the following spells:

 Spells                   Type           Power      Damage    Failure   Level
 Kindle Blastsparks       Fire/Tloc/Air  16%        2d11      26%         3
 Flame Wave               Conj/Fire      13%        2d6       45%         4
 Animate Dead             Necr           2%         N/A       88%         4
 Borgnjor's Vile Clutch   Necr/Erth      1%         N/A       99%         5
 Death Channel            Necr           1%         N/A       100%        6


Dungeon Overview and Level Annotations

Branches:
Dungeon (4/15)
 Temple: D:4-7

Altars:
Makhleb
Sif Muna
Yredelemnul

Shops:
D:1 (


Innate Abilities, Weirdness & Mutations

You are immune to sickness and miasma.
Your stone body is resilient. (AC +4)
You are immune to poison.
You resist negative energy. (rN+)
You are resistant to electric shocks. (rElec)
You are resistant to unholy torment.
You are immune to petrification.


Message History

The orc wizard is almost dead.
The orc wizard is no longer more vulnerable to fire.
The orc wizard hits you but does no damage.
The orc barely misses you.
Unknown command.
The orc hits you but does no damage. The orc hits you but does no damage.
The orc wizard gestures at you while chanting.
You are confused.
You bump into the rock wall.
The orc wizard casts a spell at you. The puff of flame misses you.
The orc barely misses you.
Unknown command.
Unknown command.
Magic courses through your body. The orc hits you with a +0 club.
The orc barely misses you.
The orc wizard hits you but does no damage.
You feel better. The orc barely misses you.
The orc priest hits you but does no damage.
The orc attacks as you move away! The orc misses you.
The orc throws a boomerang.
The boomerang closely misses you.
The orc priest mumbles some strange prayers to Beogh against you.
You barely resist. The orc attacks as you move away!
The orc hits you with a +0 short sword.
The orc priest calls down the wrath of Beogh upon you.
Pain shoots through your body!
The orc throws a boomerang.
The boomerang completely misses you. The orc attacks as you move away!
The orc barely misses you.
The orc priest invokes the aid of Beogh against you.
Beogh smites you!
* * * LOW HITPOINT WARNING * * *
The orc attacks as you move away! The orc hits you but does no damage.
The orc wizard mumbles some strange words.
The orc wizard flickers and vanishes!
Deactivating autopickup; reactivate with Ctrl-A.
There is a stone staircase leading up here.
The orc priest invokes the aid of Beogh against you.
Beogh smites you!
Ouch! That really hurt!
You die...

+........................#
#.....................o..#
#.......g.............o..#
#..[..######'#####'## #
+.....#.............###+##
#.....#..............#†..'
#..)..#....ooo.......#..##
#.....#.....##########..##
#.....#..@o.###.##..##....
'.....#...................
'#.....#......PPP.P.P......
........#....P...÷...P......
.........#..#.P.P...P.P.#####
##.#...P._.P.P......
#.#.P.P...P.P......
#.#.P.......P......
#...P.PPPPP.P......


You could see an orc priest and 3 orcs.

Vanquished Creatures
  Jessica (D:3)
  2 orc wizards (D:4)
  3 gnolls
  2 adders
  An ufetubus (D:4)
  2 worms
  3 dart slugs (D:1)
  An orc (D:3)
  5 ball pythons
  10 endoplasms
  4 giant cockroaches
  9 goblins
  5 hobgoblins
  2 jackals (D:4)
  3 kobolds
  A quokka (D:3)
  8 bats
  4 frilled lizards
  9 rats
75 creatures vanquished.

Vanquished Creatures (collateral kills)
  A foxfire (D:4)
1 creature vanquished.

Vanquished Creatures (others)
  109 foxfires
  3 plants (D:4)
112 creatures vanquished.

Grand Total: 188 creatures vanquished

Notes
Turn   | Place    | Note
-------+----------+-------------------------------------------
     0 | D:1      | bjtr the Gargoyle Fire Elementalist began the quest for the
                  | Orb.
     0 | D:1      | Reached XP level 1. HP: 10/10 MP: 3/3
   221 | D:1      | Reached XP level 2. HP: 15/15 MP: 1/5
   224 | D:1      | Learned a level 2 spell: Scorch
   314 | D:1      | Reached skill level 1 in Armour
   522 | D:1      | Found Antimmabe's Weapon Shoppe.
   775 | D:1      | Reached XP level 3. HP: 19/19 MP: 3/6
  2057 | D:2      | Reached skill level 4 in Fire Magic
  2489 | D:2      | Reached XP level 4. HP: 18/24 MP: 0/7
  2493 | D:2      | Learned a level 3 spell: Inner Flame
  3446 | D:3      | Reached XP level 5. HP: 28/28 MP: 4/8
  3498 | D:3      | Found a basalt altar of Yredelemnul.
  3618 | D:3      | Noticed Jessica
  4260 | D:3      | Killed Jessica
  4406 | D:3      | Found a shimmering blue altar of Sif Muna.
  4631 | D:4      | Found a burning altar of Makhleb.
  4809 | D:4      | Reached skill level 5 in Fire Magic
  4927 | D:4      | Killed from afar by an orc priest

Illustrated notes

Levels and vault maps discovered:
D:1:      matt_arrival_grand_opening, layout_basic, serial_shops,
          nicolae_shop_stone, wander_ebering_terrifying_dragon_lair
D:2:      layout_loops_corners
D:3:      layout_basic, mainiacjoe_overflow_six_doors_small, tgw_sif,
          serial_co_window_serial, co_window_paths_a, co_window_cross_1,
          co_window_of_opportunity_a, co_window_paths_a,
          co_window_of_opportunity_a, co_window_unsneaky_path_e,
          co_window_paths_c, co_window_cross_4, co_window_unsneaky_path_d,
          co_window_broadway_c, glass_columns_b, glass_columns_b,
          glass_columns_c, glass_columns_c, glass_columns_b
D:4:      dreamdust_elfheim, layout_gridville,
          lemuel_zombie_altar_kikubaaqudgha, mainiacjoe_overflow_cross_hatched,
          serial_shops, kennysheep_mini_moat, serial_bayou_lake_a, uniq_duvessa,
          uniq_robin, uniq_menkaure

Skill      XL: |  1  2  3  4  5 |
---------------+----------------+-----
Armour         | 1 2 |  2.8
Fire Magic     | 4 5 |  5.2
Fighting       | |  0.1
Dodging        | |  1.7
Stealth        | |  2.3
Spellcasting   | |  2.6
Conjurations   | |  1.1

Action                   |  1- 3 |  4- 6 || total
-------------------------+-------+-------++-------
Melee: Unarmed           |     7 |       ||     7
       Dagger            |     8 |       ||     8
       Short sword       |     8 |     3 ||    11
       Falchion          |       |     6 ||     6
 Cast: Foxfire           |    43 |    20 ||    63
       Scorch            |    26 |    32 ||    58
  Use: Potion            |       |     3 ||     3
Armor: Robe              |    14 |    19 ||    33
Dodge: Dodged            |    24 |    28 ||    52

Table legend: (Time is in decaauts)
 A = Elapsed time spent in this place.
 B = Non-inter-level travel time spent in this place.
 C = Inter-level travel time spent in this place.
 D = Time resting spent in this place.
 E = Time spent auto-exploring this place.
 F = Levels seen in this place.
 G = Mean time per level.
                   A        B        C        D        E       F      G
               +--------+--------+--------+--------+--------+-----+--------+
         Total |   4927 |   4837 |     90 |   1237 |   2861 |   4 | 1231.8 |
       Dungeon |   4927 |   4837 |     90 |   1237 |   2861 |   4 | 1231.8 |
               +--------+--------+--------+--------+--------+-----+--------+

Top non-repeatable levels by time:
     D:1: 1718 daAuts
     D:3: 1558 daAuts
     D:2: 1346 daAuts
     D:4: 304 daAuts
